 Dungeon Crawl Stone Soup version 0.29.1-1-gd02db6906a (webtiles) character file.

Game seed: 6121299146494133263

21 quakins the Chopper (level 2, -4/40 HPs)
             Began as a Minotaur Berserker on Oct 3, 2022.
             Was a Follower of Trog.
             Slain by a worm (8 damage)
             ... on level 2 of the Dungeon.
             The game lasted 00:01:27 (663 turns).

quakins the Chopper (Minotaur Berserker)             Turns: 663, Time: 00:01:27

Health: -4/40      AC:  2    Str: 21    XL:     2   Next: 62%
Magic:  1/1        EV: 12    Int:  4    God:    Trog [*.....]
Gold:   48         SH:  0    Dex:  9    Spells: 1/1 levels left

rFire   . . .      SeeInvis .   a - +0 hand axe
rCold   . . .      Faith    .   (no shield)
rNeg    . . .      Spirit   .   b - +0 animal skin
rPois   .          Reflect  .   (helmet restricted)
rElec   .          Harm     .   (no cloak)
rCorr   .          Rampage  .   (no gloves)
Will    .....                   (no boots)
Stlth   ..........              (no amulet)
HPRegen 0.13/turn               (no ring)
MPRegen 0.07/turn               (no ring)

@: berserking, very quick
A: horns 2, retaliatory headbutt
a: Renounce Religion, Berserk


You were on level 2 of the Dungeon.
You worshipped Trog.
Trog was aware of your devotion.
You visited 1 branch of the dungeon, and saw 2 of its levels.

You collected 48 gold pieces.

Inventory:

Hand Weapons
 a - a +0 hand axe (weapon)
Armour
 b - a +0 animal skin (worn)
Scrolls
 c - 2 scrolls of teleportation {unknown}
 g - a scroll of enchant armour {unknown}
 i - a scroll of butterflies {unknown}
Potions
 d - a potion of haste {unknown}
 e - a potion of attraction {unknown}
 f - 2 potions of might {unknown}
 h - a potion of magic {unknown}
 j - a potion of degeneration {unknown}


   Skills:
 - Level 3.8 Fighting
 + Level 4.3 Axes
 - Level 2.6 Armour
 - Level 2.4 Dodging


You had one spell level left.
You didn't know any spells.
Your spell library was empty.

Dungeon Overview and Level Annotations

Branches:
Dungeon (2/15)

Altars:


Innate Abilities, Weirdness & Mutations

You have a pair of horns on your head.
You reflexively headbutt those who attack you in melee.


Message History

The goblin barely misses you.
You slash the goblin!
You kill the goblin!
Trog accepts your kill.
The goblin shoots a sling bullet.
The sling bullet hits you.
A worm comes into view.
A goblin comes into view. It is wielding a +0 dagger.
The goblin unwields a +0 sling.
The goblin wields a +0 dagger.
The goblin misses you.
You hit the goblin.
The goblin is severely wounded.
The goblin hits you with a +0 dagger.
You hit the goblin but do no damage.
The goblin is severely wounded.
The goblin hits you with a +0 dagger.
You hit the goblin but do no damage. Your headbutt misses the goblin.
The goblin is severely wounded.
The goblin closely misses you.
You closely miss the goblin.
The goblin is severely wounded.
The goblin closely misses you.
You closely miss the goblin.
The goblin is severely wounded.
The goblin hits you but does no damage.
You hit the goblin.
You kill the goblin!
Trog accepts your kill.
You closely miss the goblin. The goblin closely misses you.
You completely miss the goblin. You headbutt the goblin.
You kill the goblin!
Trog accepts your kill. The worm bites you!
* * * LOW HITPOINT WARNING * * *
Things that are here:
a +0 dagger; a +0 ring mail You hit the worm but do no damage.
You are too injured to fight recklessly!
A red film seems to cover your vision as you go berserk!
You feel yourself moving faster!
You feel mighty! The worm bites you!
You die...

....#...........#
##.####.........#
#.# #.........#
... #..>......#
### ##........#
#........########
##+####..........
#...)......
#).@.......
#..w.......
.............
...............
...............
...............
...............
...............


You could see a worm.

Vanquished Creatures
  A dart slug (D:1)
  An endoplasm (D:1)
  5 goblins
  2 hobgoblins (D:1)
  A kobold (D:1)
  2 quokkas
  A bat (D:1)
  A frilled lizard (D:1)
  3 rats
17 creatures vanquished.

Notes
Turn   | Place    | Note
-------+----------+-------------------------------------------
     0 | D:1      | quakins the Minotaur Berserker began the quest for the Orb.
     0 | D:1      | Reached XP level 1. HP: 19/19 MP: 0/0
   411 | D:1      | Reached XP level 2. HP: 27/27 MP: 1/1
   440 | D:1      | Reached skill level 4 in Axes
   663 | D:2      | Slain by a worm

Illustrated notes

Levels and vault maps discovered:
D:1:      tarquinn_simple_flora_water_d, layout_rooms,
          hangedman_abyss_or_decor_lesser_grid, kennysheep_decorative_pillar
D:2:      layout_basic, hellmonk_ecumenical_altar_zigzags, minmay_tetromino_i2,
          uniq_jessica

Skill      XL: |  1  2 |
---------------+-------+-----
Axes           | 4 |  4.3
Fighting       | |  3.8
Armour         | |  2.6
Dodging        | |  2.4

Action                   || total
-------------------------++-------
Melee: Hand axe          ||    34
       Headbutt          ||     1
Invok: Berserk           ||     1
Armor: Animal skin       ||     5
Dodge: Dodged            ||    29
